 Dungeon Sprint DCSS version 0.18-a0-1027-g814d7dd (webtiles) character file.

8212 M4edhros the Grand Gadgeteer (level 13, -7/106 HPs)
             Began as an Octopode Artificer on Jan 9, 2016.
             Was the Champion of Pakellas.
             Mangled by a reaper
             ... wielding a +0 scythe of freezing
              (28 damage)
             ... in the Dungeon (Sprint VI: "Thunderdome").
             The game lasted 00:27:50 (2402 turns).

M4edhros the Grand Gadgeteer (Octopode Artificer)   Turns: 2402, Time: 00:27:51

Health: -7/106     AC:  9    Str: 26    XL:     13   Next: 86%
Magic:  13/46      EV: 28    Int: 38    God:    Pakellas [******]
Gold:   141        SH: 17    Dex: 21    Spells: 0 memorised, 12 levels left

rFire  + . .     SeeInvis +     H - +9 trident (freeze)
rCold  x . .     Gourm    .     g - +3 shield of the Black Skies {Regen+ Int+7}
rNeg   . . .     Faith    .     E - +1 hat "Qazamus" {+Fly rF+ MR- Int+4}
rPois  +         Spirit   .     v - amulet of regeneration
rElec  +         Dismiss  .     s - ring of Noon {rPois Int+4}
rCorr  .         Reflect  .     z - ring of Charity {AC+3 Str+4}
SustAt .         Harm     .     q - ring of Jamude {rF+ MP+9 Dex+4 SInv}
MR     .....     NoTele   +     p - ring of Mistrust {rPois MR- AC+4 SInv}
Stlth  +++++++++.               A - ring of Lolif {rF- MP+9 Str+7 Slay+6 SInv}
                                C - ring of Gonooq {Wiz -Tele rElec rF- Int+8}
                                x - ring "Wexaply" {Wiz rC- Str+5}
                                y - ring of Taav {rPois rF+ SInv}

@: not resistant to hostile enchantments, incredibly stealthy
A: almost no armour, amphibious, 8 rings, constrict 8, camouflage 1, robust 1,
gelatinous body 1
a: Quick Charge, Device Surge, Supercharge, Renounce Religion, Evoke Flight
}: 3/15 runes: serpentine, barnacled, elven


You were in the Dungeon.
You worshipped Pakellas.
Pakellas was exalted by your worship.
You were very hungry.

You visited 1 branch You collected 4950 gold pieces.
You spent 4809 gold pieces at shops.

Inventory:

Hand Weapons
 a - a +0 short sword
 H - a +9 trident of freezing (weapon)
Armour
 g - the +3 shield of the Black Skies (worn) {Regen+ Int+7}
   (You bought it in a shop in the Dungeon)

   It affects your intelligence (+7).
   It increases your rate of regeneration.
 E - the +1 hat "Qazamus" (worn) {+Fly rF+ MR- Int+4}
   (You bought it in a shop in the Dungeon)

   It affects your intelligence (+4).
   It protects you from fire.
   It affects your resistance to hostile enchantments.
   It lets you fly.
Rods
 w - a +9 rod of ignition (16/16)
   (Pakellas gifted it to you in the Dungeon)
 I - a +9 lightning rod (17/17)
   (You bought it in a shop in the Dungeon)
Jewellery
 p - the ring of Mistrust (on tentacle) {rPois MR- AC+4 SInv}
   (You bought it in a shop in the Dungeon)

   [ring of protection]

   It affects your AC (+4).
   It protects you from poison.
   It affects your resistance to hostile enchantments.
   It lets you see invisible.
 q - the ring of Jamude (on tentacle) {rF+ MP+9 Dex+4 SInv}
   (You bought it in a shop in the Dungeon)

   [ring of dexterity]

   It affects your dexterity (+4).
   It protects you from fire.
   It affects your magic capacity (+9).
   It lets you see invisible.
 s - the ring of Noon (left tentacle) {rPois Int+4}
   (You bought it in a shop in the Dungeon)

   [ring of poison resistance]

   It affects your intelligence (+4).
   It protects you from poison.
 v - an amulet of regeneration (around mantle)
 x - the ring "Wexaply" (on tentacle) {Wiz rC- Str+5}
   (You bought it in a shop in the Dungeon)

   [ring of wizardry]

   It improves your spell success rate.
   It affects your strength (+5).
   It makes you vulnerable to cold.
 y - the ring of Taav (on tentacle) {rPois rF+ SInv}
   (You bought it in a shop in the Dungeon)

   [ring of see invisible]

   It protects you from fire.
   It protects you from poison.
   It lets you see invisible.
 z - the ring of Charity (right tentacle) {AC+3 Str+4}
   (You bought it in a shop in the Dungeon)

   [ring of protection]

   It affects your AC (+3).
   It affects your strength (+4).
 A - the ring of Lolif (on tentacle) {rF- MP+9 Str+7 Slay+6 SInv}
   (You bought it in a shop in the Dungeon)

   [ring of see invisible]

   It affects your strength (+7).
   It affects your accuracy and damage with ranged weapons and melee attacks
   (+6).
   It makes you vulnerable to fire.
   It affects your magic capacity (+9).
   It lets you see invisible.
 C - the ring of Gonooq (on tentacle) {Wiz -Tele rElec rF- Int+8}
   (You bought it in a shop in the Dungeon)

   [ring of wizardry]

   It improves your spell success rate.
   It affects your intelligence (+8).
   It makes you vulnerable to fire.
   It insulates you from electricity.
   It prevents most forms of teleportation.
Wands
 b - a wand of flame (7/48)
 c - a wand of enslavement (6/24)
 d - a wand of random effects (0/48)
 e - a wand of fire (3/15)
 m - a wand of cold (0/15)
 n - a wand of fire (14/15)
 r - a wand of fireball (3/15)
 u - a wand of draining (8/15)
 B - a wand of hasting (7/9)
 F - a wand of heal wounds (1/9)
Scrolls
 k - 4 scrolls of blinking
 o - 3 scrolls of fog
 t - 14 scrolls of remove curse
 D - a scroll of enchant weapon
 K - 2 scrolls of identify
Potions
 h - 3 potions of haste
 i - 2 potions of magic
 j - a potion of berserk rage
 l - a potion of resistance
 G - 2 potions of experience
Miscellaneous
 J - a phial of floods (inert)
 M - a lantern of shadows
Comestibles
 f - a bread ration


   Skills:
 + Level 12.0 Fighting
 - Level 9.0 Short Blades
 + Level 17.0 Dodging
 + Level 14.9 Stealth
 + Level 12.1 Shields
 * Level 22.9 Evocations


You had 12 spell levels left.
You didn't know any spells.

Dungeon Overview and Level Annotations

Branches:
Dungeon (1/1)

Altars:
Cheibriados
Dithmenos
Fedhas
Gozag
Kikubaaqudgha
Makhleb
Okawaru
Pakellas
Qazlal
Ru
Sif Muna
Trog
Vehumet
Xom
Yredelemnul
Zin
The Shining One
Jiyva
Lugonu

Shops:
D [%??*?*:[((!!!!


Innate Abilities, Weirdness & Mutations

You cannot wear most types of armour.
You are amphibious.
You can wear up to eight rings at the same time.
You can use your tentacles to constrict eight enemies at once.
Your skin changes colour to match your surroundings (Stealth).
Your rubbery body absorbs attacks (AC +1).
You are robust (+10% HP).


Message History

The reaper pulls free of the water.
Your water elemental closely misses the reaper.
Wield which item (- for none, * to show all)? (? for menu, Esc to quit)
Okay, then.
Your water elemental barely misses the reaper. x2
You barely miss the reaper. You grab the reaper.
The reaper is lightly wounded.
You constrict the reaper, but do no damage.
Your water elemental hits the reaper!
The reaper hits you with a scythe of freezing!!!
The reaper freezes you!!
* * * LOW HITPOINT WARNING * * *
Your water elemental hits the reaper.
Evoke which item? (* to show all) (? for menu, Esc to quit)
Zapping:
F - a wand of heal wounds (2/9)
Press: ? - help, Shift-Dir - straight line, f - you You feel much better.
This wand has 1 charge left.
You constrict the reaper.
Your water elemental hits the reaper. x2
The reaper hits you with a scythe of freezing!!
You die...

#.....# ##.....## ##∩.....∩##
#∩.......∩# #_..≈≈[≈≈_#
#...≈))≈≈.# #_..≈≈)≈≈.#
###.÷.≈≈3≈≈.### #⌠..)"≈≈@)E..§#
######[8.)....2E.8.######
##∩___..[.....#......___∩##
###"........8.###÷8........∩###
#.........)...###.÷...........##
⌠.........)###÷..###..........⌠#
⌠.......)..# #.<.# #..........⌠#
⌠..........###)).###..........⌠#
#.÷.......)).)###.............##


You could see a reaper, a sun demon and 2 friendly water elementals.

Vanquished Creatures
  A deep elf elementalist (D)
  Ilsuiw (D)
  3 reapers (D)
  A naga warrior (D)
  2 ice dragons (D)
  Erica (D)
  Erolcha (D)
  2 anacondas (D)
  A queen ant (D)
  A soul eater (D)
  A sun demon (D)
  A fire crab (D)
  2 iron trolls (D)
  3 swamp dragons (D)
  4 deep trolls (D)
  A necromancer (D)
  A mana viper (D)
  2 lindwurms (D)
  A deep elf mage (D)
  A shining eye (D)
  A black mamba (D)
  A cyclops (D)
  2 komodo dragons (D)
  An ice devil (D)
  An efreet (D)
  2 fire drakes (D)
  2 golden dragon simulacra (D)
  A troll (D)
  6 giant leeches (D)
  4 two-headed ogres (D)
  A stone giant simulacrum (D)
  2 fire elementals (D)
  2 water elementals (D)
  3 nagas (D)
  3 mottled dragons (D)
  3 hydra simulacra (D)
  2 hell hounds (D)
  2 swamp drakes (D)
  2 ice beasts (D)
  9 ogres (D)
  A giant frog (D)
  A scorpion (D)
  A killer bee (D)
  A crimson imp (D)
  A jelly (D)
  4 spriggan simulacra (D)
  3 worker ants (D)
  An adder (D)
  4 giant eyeballs (D)
  An adder skeleton (D)
  3 worms (D)
  An orc (D)
  A bat (D)
  2 quokka zombies (D)
106 creatures vanquished.

Vanquished Creatures (collateral kills)
  A naga warrior (D)
  An iron troll (D)
  A deep troll (D)
  A black mamba (D)
  2 nagas (D)
6 creatures vanquished.

Vanquished Creatures (others)
  A black mamba (D)
  An octopode (shapeshifter) (D)
  A killer bee (D)
3 creatures vanquished.

Grand Total: 115 creatures vanquished

Notes
Turn   | Place    | Note
--------------------------------------------------------------
     0 | D        | M4edhros the Octopode Artificer began the quest for the Orb.
     0 | D        | Reached XP level 1. HP: 13/13 MP: 3/3
     0 | D        | Found a deep blue altar of Sif Muna.
     0 | D        | Found a radiant altar of Vehumet.
     4 | D        | Found a burning altar of Makhleb.
     5 | D        | Found an oddly glowing altar of Pakellas.
     5 | D        | Found an iron altar of Okawaru.
     5 | D        | Round 1.
     6 | D        | Found Bicwied's Bee Food.
     6 | D        | Found a basalt altar of Yredelemnul.
     6 | D        | Found a blossoming altar of Fedhas.
     6 | D        | Found Xiom's Identification Station.
     7 | D        | Found Ugeneal's Jewellery.
     7 | D        | Found Cuajosost's Advanced Armour.
    14 | D        | Became a worshipper of Pakellas the Inventive
    22 | D        | Bought a steaming brass ring for 45 gold pieces
    22 | D        | Bought a shimmering brass ring for 45 gold pieces
    22 | D        | Bought a wavering pewter ring for 45 gold pieces
    22 | D        | Bought a shimmering brass ring for 45 gold pieces
    22 | D        | Identified the ring of Noon {rPois Int+4} (You bought it in a shop in the Dungeon)
    23 | D        | Identified the ring "Nana Doleh" {MP+9 Stlth-} (You bought it in a shop in the Dungeon)
    24 | D        | Identified the ring of Jamude {rF+ MP+9 Dex+4 SInv} (You bought it in a shop in the Dungeon)
    25 | D        | Identified the ring of Mistrust {rPois MR- AC+4 SInv} (You bought it in a shop in the Dungeon)
    28 | D        | Reached skill level 4 in Evocations
    35 | D        | Found a shadowy altar of Dithmenos.
    36 | D        | Found Saabir's Magic Scroll Shop.
    56 | D        | Reached * piety under Pakellas
    56 | D        | Reached XP level 2. HP: 13/18 MP: 5/5
    78 | D        | Found Qego's Magic Scroll Shop.
    79 | D        | Found Yshreunij's Must-Have Magic.
    84 | D        | Found Abbengoh's Staff Store.
    84 | D        | Found a shimmering altar of Xom.
    91 | D        | Reached skill level 5 in Evocations
    94 | D        | Noticed a crimson imp
   106 | D        | Killed a crimson imp
   106 | D        | Reached ** piety under Pakellas
   106 | D        | Received a gift from Pakellas
   106 | D        | Arena points: 12 (+12) [x2]
   106 | D        | Reached skill level 6 in Evocations
   106 | D        | Reached XP level 3. HP: 20/23 MP: 7/7
   135 | D        | Found a bloodstained altar of Trog.
   139 | D        | Found a glowing silver altar of Zin.
   139 | D        | Found a snail-covered altar of Cheibriados.
   139 | D        | Found Naif's Distillery.
   139 | D        | Found Maruxyr's Distillery.
   140 | D        | Found Romohaje's Bottled Wisdom.
   145 | D        | Found Hutuock's Do-It-Yourself Clinic.
   145 | D        | Found an opulent altar of Gozag.
   145 | D        | Found an ancient bone altar of Kikubaaqudgha.
   145 | D        | Found a viscous altar of Jiyva.
   156 | D        | Found a stormy altar of Qazlal.
   158 | D        | Found a glowing golden altar of the Shining One.
   158 | D        | Found Ojouhi's Weapon Rack.
   158 | D        | Found Uwkat's Basic Armour.
   159 | D        | Found Feguoj's Miscellaneous Merchandise.
   160 | D        | Round 2.
   164 | D        | Found Wyleamex's Premium Goods.
   164 | D        | Found a corrupted altar of Lugonu.
   164 | D        | Found a sacrificial altar of Ru.
   197 | D        | Noticed a killer bee
   213 | D        | Noticed a queen ant
   219 | D        | Killed a queen ant
   219 | D        | Reached skill level 8 in Dodging
   219 | D        | Reached skill level 13 in Evocations
   219 | D        | Reached XP level 4. HP: 27/31 MP: 8/12
   219 | D        | Reached XP level 5. HP: 31/36 MP: 8/14
   219 | D        | Reached XP level 6. HP: 36/42 MP: 8/15
   219 | D        | Reached XP level 7. HP: 39/46 MP: 8/17
   251 | D        | Reached *** piety under Pakellas
   295 | D        | Arena points: 54 (+42) [x3]
   315 | D        | Bought a translucent turquoise ring for 45 gold pieces
   315 | D        | Bought a flickering bone ring for 45 gold pieces
   315 | D        | Identified the ring "Plog" {SustAt Dex+2} (You bought it in a shop in the Dungeon)
   316 | D        | Identified the ring of Ycavosh {Fire rPois} (You bought it in a shop in the Dungeon)
   347 | D        | Round 3.
   348 | D        | Noticed Erolcha
   349 | D        | Killed Erolcha
   349 | D        | Reached **** piety under Pakellas
   349 | D        | Received a gift from Pakellas
   349 | D        | Reached skill level 5 in Short Blades
   349 | D        | Reached skill level 15 in Evocations
   349 | D        | Reached XP level 8. HP: 52/54 MP: 10/19
   361 | D        | Reached skill level 10 in Dodging
   368 | D        | Identified a +2 rod of ignition (11/11) (Pakellas gifted it to you in the Dungeon)
   390 | D        | Reached ***** piety under Pakellas
   390 | D        | Reached XP level 9. HP: 45/59 MP: 15/20
   409 | D        | Arena points: 126 (+72) [x4]
   424 | D        | Bought a sparkling marble ring for 45 gold pieces
   424 | D        | Bought a scorched bone ring for 45 gold pieces
   424 | D        | Identified the ring "Wexaply" {Wiz rC- Str+5} (You bought it in a shop in the Dungeon)
   425 | D        | Identified the ring of Taav {rPois rF+ SInv} (You bought it in a shop in the Dungeon)
   425 | D        | Round 4.
   486 | D        | Noticed a shining eye
   494 | D        | Killed a shining eye
   494 | D        | Reached skill level 16 in Evocations
   499 | D        | Paralysed by a giant eyeball for 2 turns
   506 | D        | Arena points: 266 (+140) [x5]
   521 | D        | Bought a faintly glowing amber ring for 45 gold pieces
   521 | D        | Bought a wavering iron ring for 45 gold pieces
   521 | D        | Bought a slimy brass ring for 45 gold pieces
   521 | D        | Bought a fine iron ring for 45 gold pieces
   527 | D        | Identified the ring of Charity {AC+3 Str+4} (You bought it in a shop in the Dungeon)
   528 | D        | Identified the ring of Lolif {rF- MP+9 Str+7 Slay+6 SInv} (You bought it in a shop in the Dungeon)
   529 | D        | Identified the ring of Harmony {Dex+4 SInv Stlth-} (You bought it in a shop in the Dungeon)
   532 | D        | Identified the ring of Gonooq {Wiz -Tele rElec rF- Int+8} (You bought it in a shop in the Dungeon)
   537 | D        | Bought a translucent emerald amulet for 45 gold pieces
   537 | D        | Identified the amulet "Honenuv" {Gourm Int-5 SInv Stlth+} (You bought it in a shop in the Dungeon)
   545 | D        | Round 5.
   554 | D        | Noticed a black mamba
   558 | D        | Killed a black mamba
   558 | D        | Reached ****** piety under Pakellas
   562 | D        | Noticed a naga warlord
   562 | D        | Noticed a naga warrior
   572 | D        | Noticed a mana viper
   574 | D        | Killed a mana viper
   574 | D        | Reached skill level 5 in Fighting
   574 | D        | Reached skill level 17 in Evocations
   575 | D        | Killed a naga warrior
   575 | D        | Reached XP level 10. HP: 50/66 MP: 10/22
   636 | D        | Killed a naga warlord
   636 | D        | Arena points: 511 (+245) [x7]
   637 | D        | Got a serpentine rune of Zot
   638 | D        | Reached skill level 5 in Shields
   638 | D        | Reached XP level 11. HP: 41/72 MP: 6/23
   649 | D        | Bought a twitching steel amulet for 45 gold pieces
   649 | D        | Bought a bound copper amulet for 45 gold pieces
   649 | D        | Identified the amulet "Xegg" {*Corrode +Rage +Fly Str+3} (You bought it in a shop in the Dungeon)
   651 | D        | Identified the amulet "Yxuabbug" {Inacc Stlth+} (You bought it in a shop in the Dungeon)
   655 | D        | Bought a coiled pewter amulet for 45 gold pieces
   655 | D        | Bought a faintly glowing silver amulet for 45 gold pieces
   655 | D        | Identified the amulet "Kyry" {Harm *Drain Str+7 Int-3} (You bought it in a shop in the Dungeon)
   657 | D        | Identified the amulet "Ufoubiv" {Inacc rPois Str+2 Int+2 SInv} (You bought it in a shop in the Dungeon)
   809 | D        | Round 6.
   810 | D        | Noticed an anaconda
   818 | D        | Killed an anaconda
   818 | D        | Reached skill level 18 in Evocations
   821 | D        | Reached skill level 5 in Stealth
   825 | D        | Noticed an anaconda
   833 | D        | Killed an anaconda
   847 | D        | Received a gift from Pakellas
   865 | D        | Arena points: 895 (+384) [x8]
   884 | D        | Round 7.
   885 | D        | Bought a jewelled large shield for 332 gold pieces
   890 | D        | Identified the cursed +0 large shield of Xankili {-Tele rC+ MP+9 SInv} (You bought it in a shop in the Dungeon)
   991 | D        | Reached skill level 19 in Evocations
  1040 | D        | Arena points: 1462 (+567) [x9]
  1051 | D        | Bought a scorched hat for 315 gold pieces
  1056 | D        | Identified the +1 hat "Qazamus" {+Fly rF+ MR- Int+4} (You bought it in a shop in the Dungeon)
  1084 | D        | Round 8.
  1132 | D        | Arena points: 2262 (+800) [x10]
  1151 | D        | Bought an uncursed amulet of regeneration for 450 gold pieces
  1188 | D        | Round 9.
  1189 | D        | Noticed Erica
  1200 | D        | Noticed a cyclops
  1200 | D        | a shapeshifter changed into a cyclops
  1216 | D        | Noticed a cyclops
  1225 | D        | Killed a cyclops
  1225 | D        | Received a gift from Pakellas
  1235 | D        | Killed Erica
  1235 | D        | Reached XP level 12. HP: 48/80 MP: 3/25
  1277 | D        | Gained mutation: You are robust (+10% HP). [mutagenic meat]
  1302 | D        | Arena points: 3351 (+1089) [x11]
  1322 | D        | Round 10.
  1322 | D        | Noticed Ilsuiw
  1344 | D        | Killed Ilsuiw
  1344 | D        | Arena points: 4521 (+1170) [x13]
  1344 | D        | Reached skill level 15 in Dodging
  1344 | D        | Reached skill level 20 in Evocations
  1345 | D        | Got a barnacled rune of Zot
  1368 | D        | Bought a +0 lightning rod (11/11) for 560 gold pieces
  1374 | D        | Bought 3 scrolls of recharging for 285 gold pieces
  1519 | D        | Round 11.
  1587 | D        | Noticed a sun demon
  1596 | D        | Killed a sun demon
  1642 | D        | Arena points: 6369 (+1848) [x14]
  1642 | D        | Reached skill level 10 in Stealth
  1654 | D        | Bought a scorched shield for 332 gold pieces
  1681 | D        | Round 12.
  1683 | D        | Bought 3 scrolls of identify for 150 gold pieces
  1684 | D        | Noticed an iron troll
  1696 | D        | Killed an iron troll
  1723 | D        | Noticed an iron troll
  1738 | D        | Noticed an iron troll
  1754 | D        | Killed an iron troll
  1760 | D        | Killed an iron troll
  1763 | D        | Received a gift from Pakellas
  1778 | D        | Noticed an iron troll
  1788 | D        | Noticed an iron troll
  1793 | D        | Arena points: 6477 (+108) [x1]
  1808 | D        | Round 13.
  1858 | D        | Reached skill level 21 in Evocations
  1870 | D        | Reached skill level 10 in Shields
  1942 | D        | Reached XP level 13. HP: 62/101 MP: 27/27
  1949 | D        | Arena points: 6841 (+364) [x2]
  1964 | D        | Bought 3 scrolls of recharging for 285 gold pieces
  1964 | D        | Bought 3 scrolls of recharging for 285 gold pieces
  1984 | D        | Round 14.
  2004 | D        | Noticed an ice dragon
  2010 | D        | Killed an ice dragon
  2010 | D        | Reached skill level 10 in Fighting
  2057 | D        | Noticed an ice dragon
  2068 | D        | Killed an ice dragon
  2079 | D        | Received a gift from Pakellas
  2099 | D        | Arena points: 7387 (+546) [x3]
  2146 | D        | Round 15.
  2147 | D        | Noticed a deep elf elementalist
  2167 | D        | Killed a deep elf elementalist
  2167 | D        | Arena points: 8212 (+825) [x5]
  2167 | D        | Reached skill level 22 in Evocations
  2168 | D        | Got an elven rune of Zot
  2181 | D        | Identified the +3 shield of the Black Skies {Regen+ Int+7} (You bought it in a shop in the Dungeon)
  2186 | D        | Bought 15 scrolls of remove curse for 450 gold pieces
  2216 | D        | Bought 8 scrolls of enchant weapon for 600 gold pieces
  2343 | D        | Round 16.
  2359 | D        | Noticed a reaper
  2379 | D        | Killed a reaper
  2389 | D        | Noticed a reaper
  2389 | D        | Noticed a reaper
  2393 | D        | Killed a reaper
  2395 | D        | Killed a reaper
  2396 | D        | Noticed a reaper
  2402 | D        | Mangled by a reaper

Vault maps used:
D:        arena_sprint

Action                   |  1- 3 |  4- 6 |  7- 9 | 10-12 | 13-15 || total
-------------------------+-------+-------+-------+-------+-------++-------
Melee: Short sword       |    23 |       |    48 |    85 |       ||   156
       Trident           |       |       |       |    94 |    95 ||   189
Invok: Device Surge      |       |       |     3 |     6 |     4 ||    13
       Quick Charge      |       |       |       |     2 |     1 ||     3
Evoke: Wand              |     6 |       |    20 |    34 |    11 ||    71
       Rod               |       |       |     1 |    13 |     4 ||    18
       Phial of floods   |       |       |       |     1 |     1 ||     2
  Use: Potion            |       |       |       |     7 |       ||     7
       Scroll            |       |       |       |     3 |    15 ||    18
 Stab: Distracted        |       |       |       |     2 |     1 ||     3
  Eat: Chunk             |       |       |       |     8 |     2 ||    10
